 Dungeon Crawl Stone Soup version 0.20.1-1-g8b1a95d (webtiles) character file.

12 tidbits the Firebug (level 2, -2/24 HPs)
             Began as a Demigod Wanderer on Aug 24, 2017.
             Slain by a jackal (3 damage)
             ... on level 1 of the Dungeon.
             The game lasted 00:02:41 (302 turns).

tidbits the Firebug (Demigod Wanderer)               Turns: 302, Time: 00:02:41

Health: -2/24      AC:  2    Str: 16    XL:     2   Next: 9%
Magic:  1/7        EV: 11    Int: 15    God:
Gold:   27         SH:  0    Dex: 15    Spells: 1/4 levels left

rFire    . . .     SeeInvis .   e - +0 club
rCold    . . .     Gourm    .   (no shield)
rNeg     . . .     Faith    .   d - +0 robe
rPois    .         Spirit   .   (no helmet)
rElec    .         Reflect  .   (no cloak)
rCorr    .         Harm     .   (no gloves)
MR       .....                  (no boots)
Stlth    ++........             h - amulet of magic regeneration
Regen    0.1/turn               (no ring)
MPRegen  0.2/turn               (no ring)

@: no status effects
A: high mp 1
a: no special abilities


You were on level 1 of the Dungeon.
You were not hungry.

You visited 1 branch of the dungeon, and saw 2 of its levels.

You collected 27 gold pieces.

Inventory:

Hand Weapons
 e - a +0 club (weapon)
Armour
 d - a +0 robe (worn)
Jewellery
 h - an amulet of magic regeneration (around neck)
   (You found it on level 1 of the Dungeon)
Scrolls
 g - a scroll of immolation {unknown}
Potions
 c - a potion of curing
Books
 a - a book of Minor Magic

   Spells                             Type                      Level
   a - Magic Dart                     Conjuration                  1
   b - Blink                          Translocation                2
   c - Call Imp                       Summoning                    2
   d - Slow                           Hexes                        2
   e - Conjure Flame                  Conjuration/Fire             3
   f - Mephitic Cloud                 Conjuration/Poison/Air       3
 b - Zufo's Tome of Combat Magic

   Spells                             Type                      Level
   a - Shock                          Conjuration/Air              1
   b - Static Discharge               Conjuration/Air              3
Comestibles
 f - a bread ration


   Skills:
 + Level 1.6 Fighting
 - Level 1.0 Throwing
 - Level 1.0 Stealth
 - Level 1.7 Spellcasting
   Level 1.7 Necromancy
   Level 1.7 Transmutations
   Level 1.7 Fire Magic


You had one spell level left.
You knew the following spells:

 Your Spells              Type           Power        Failure   Level  Hunger
i - Call Imp              Summ           #.......     34%         2    ###....
z - Magic Dart            Conj           #...         22%         1    ##.....


Dungeon Overview and Level Annotations

Branches:
Dungeon (2/15)

Annotations:
D:1 1 runed door


Innate Abilities, Weirdness & Mutations

You have an increased reservoir of magic. (+10% MP)


Message History

You hit the jackal.
You kill the jackal!
The jackal bites you but does no damage.
Casting: Magic Dart
Confirm with . or Enter, or press ? or * to list all spells.
Aiming: Magic Dart
Press: ? - help, Shift-Dir - straight line, f - jackal
Aim: a jackal The magic dart hits the jackal.
The jackal is moderately wounded.
The jackal misses you. The jackal completely misses you.
Casting: Magic Dart
Confirm with . or Enter, or press ? or * to list all spells.
Aiming: Magic Dart
Press: ? - help, Shift-Dir - straight line, f/p - jackal
Aim: a jackal (moderately wounded)
The magic dart hits the jackal.
The jackal is moderately wounded.
The jackal barely misses you.
Casting: Magic Dart
Confirm with . or Enter, or press ? or * to list all spells.
Aiming: Magic Dart
Press: ? - help, Shift-Dir - straight line, f/p - jackal
Aim: a jackal (moderately wounded)
The magic dart hits the jackal.
The jackal is moderately wounded.
The jackal barely misses you.
You hit the jackal.
You kill the jackal!
You have reached level 2!
Memorise Call Imp, consuming 2 spell levels and leaving 1?
You start memorising the spell.
You continue memorising. x2
You finish memorising.
Spell assigned to 'C'.
Adjust (i)tems, (s)pells, or (a)bilities?
Adjust which spell?
C - Call Imp Adjust to which letter? i - Call Imp You see here a jackal corpse.
A bat comes into view.
The bat moves out of view.
Your magical contamination has completely faded away.
A leopard gecko comes into view.
Found an escape hatch in the floor.
Casting: Magic Dart
Confirm with . or Enter, or press ? or * to list all spells.
You miscast Call Imp.
You are very lightly contaminated with residual magic.
Strange energies run through your body.
The leopard gecko hisses angrily.
You see here a jackal corpse.
Casting: Call Imp
Confirm with . or Enter, or press ? or * to list all spells.
Aiming: Magic Dart
Press: ? - help, Shift-Dir - straight line, f - leopard gecko
Aim: a leopard gecko (clinging)
The magic dart hits the leopard gecko.
The leopard gecko is lightly wounded.
You completely miss the leopard gecko.
The leopard gecko is lightly wounded.
The leopard gecko barely misses you.
You barely miss the leopard gecko.
The leopard gecko is lightly wounded.
The leopard gecko bites you.
* * * LOW HITPOINT WARNING * * *
You hit the leopard gecko but do no damage.
The leopard gecko is lightly wounded.
The leopard gecko bites you but does no damage.
The leopard gecko bites you.
* * * LOW HITPOINT WARNING * * *
You hit the leopard gecko.
The leopard gecko is severely wounded.
The leopard gecko bites you.
* * * LOW HITPOINT WARNING * * *
The leopard gecko completely misses you.
You hit the leopard gecko.
You kill the leopard gecko!
You see here a jackal corpse.
Your magical contamination has completely faded away.
The jackal barks!
The jackal barely misses you.
You see here a jackal corpse.
The jackal barely misses you.
Casting: Magic Dart
Confirm with . or Enter, or press ? or * to list all spells.
A beastly little devil appears in a puff of flame.
The jackal misses you. The jackal completely misses you.
You closely miss the jackal. The jackal closely misses you.
Your crimson imp barely misses the jackal.
The jackal bites you.
* * * LOW HITPOINT WARNING * * *
Casting: Call Imp
Confirm with . or Enter, or press ? or * to list all spells.
Aiming: Magic Dart
Press: ? - help, Shift-Dir - straight line, f - jackal
Aim: a jackal The magic dart hits the jackal.
The jackal is heavily wounded.
The jackal bites you.
You die...

###..#......<......# #
#..+⌠....###....⌠+.. .. >.
###..#....... ....#.. .# #..
..#..#######+## ####.. .. ...
..#..#.whJhsJ .J..w#.# .##.# .
..#..#..sw.sJ. .. .#.# ......
..#..#....h...r r #.# ..#.#.#
..#..###############.##...$...
#.#.............@h5.....?.....
#...###############...##.#.#..
##..# ##### # ##..# #...#
....#### .......# .......#
...###.######


You could see a jackal and a friendly crimson imp.

Vanquished Creatures
  A leopard gecko (D:1)
  2 bats (D:1)
  A goblin (D:1)
  A hobgoblin (D:1)
  2 jackals (D:1)
  A ball python (D:2)
  A frilled lizard (D:1)
  A kobold (D:1)
  A rat (D:1)
11 creatures vanquished.

Notes
Turn   | Place    | Note
-------+----------+-------------------------------------------
     0 | D:1      | tidbits the Demigod Wanderer began the quest for the Orb.
     0 | D:1      | tidbits set off with: a book of Minor Magic, Zufo's Tome of Combat Magic, a potion of curing, a +0 robe, a +0 club, a bread ration
     0 | D:1      | Reached XP level 1. HP: 14/14 MP: 5/5
     0 | D:1      | Identified Zufo's Tome of Combat Magic
     2 | D:1      | Found a runed door.
    42 | D:1      | Reached skill level 1 in Fighting
   103 | D:2      | HP: 1/16 [ball python (1)]
   142 | D:1      | Learned a level 1 spell: Magic Dart
   262 | D:1      | Reached XP level 2. HP: 6/23 MP: 0/7
   266 | D:1      | Learned a level 2 spell: Call Imp
   284 | D:1      | HP: 2/23 [leopard gecko (1)]
   301 | D:1      | HP: 1/24 [jackal (3)]
   302 | D:1      | Slain by a jackal

Skill      XL: |  1 |
---------------+----+-----
Fighting       | 1 |  1.6
Throwing       | |  1.0
Stealth        | |  1.0
Spellcasting   | |  1.7
Necromancy     | |  1.7
Transmutations | |  1.7
Fire Magic     | |  1.7

Action                   || total
-------------------------++-------
Melee: Club              ||    38
 Cast: Magic Dart        ||    11
       Call Imp          ||     1
Armor: Robe              ||     6
Dodge: Dodged            ||    33

Table legend:
 A = Turns spent in this place as a percentage of turns spent in the entire game.
 B = Non-inter-level travel turns spent in this place as a percentage of non-inter-level travel turns spent in the entire game.
 C = Inter-level travel turns spent in this place as a percentage of turns spent in this place.
 D = Turns resting spent in this place as a percentage of non-inter-level travel turns spent in this place.
 E = Turns spent auto-exploring this place as a percentage of non-inter-level travel turns spent in this place.
 F = Non-inter-level travel turns spent in this place divided by the number of levels of this place that you've seen.
                   A       B       C       D       E      F
               +-------+-------+-------+-------+-------+----------------------
         Total | 100.0 | 100.0 |   0.0 |   0.0 |   0.0 | 153.0
       Dungeon | 100.0 | 100.0 |   0.0 |   0.0 |   0.0 | 153.0
               +-------+-------+-------+-------+-------+----------------------

Table legend:
 A = Kills in this place as a percentage of kills in entire the game.
 B = Kills by you in this place as a percentage of kills by you in the entire game.
 C = Kills by friends in this place as a percentage of kills by friends in the entire game.
 D = Other kills in this place as a percentage of other kills in the entire game.
 E = Experience gained in this place as a percentage of experience gained in the entire game.
 F = Experience gained in this place divided by the number of levels of this place that you have seen.
                   A       B       C       D       E      F
               +-------+-------+-------+-------+-------+----------------------
         Total | 100.0 | 100.0 |  -nan |  -nan | 100.0 |   9.0
       Dungeon | 100.0 | 100.0 |  -nan |  -nan | 100.0 |   9.0
               +-------+-------+-------+-------+-------+----------------------

Vault maps used:
D:1:      dpeg_arrival_caged_fury
D:2:      nicolae_qazlal_general_emergency, cheibriados_altar_1, minivault_11,
          uniq_crazy_yiuf_cottage
